AoeStats
← Aragorn

Arabia

510463647Analyzed
1v1 RM · 14h ago on Oct 1, 2026· 25m 45s· 2 players
Game mode
Random Map
Map size
Tiny (2 player)
Population
200
Speed
Normal
Resources
Standard
Victory
Conquest
Starting age
Dark Age
Ending age
Imperial Age
RankedLock teamsTeams togetherTeam positionsShared explorationLock speedFull tech treeHidden civsTurbo modeCheats
Victory
Defeat
🇨🇴 Spanish · Colombia
859
+16
🇨🇦 Chinese · Canada
866
-16
Aragorn
10:47 Feudal Age
11:30 Loom
11:52 Double-Bit Axe
14:01 Bloodlines
22:20 Castle Age
21:55 Wheelbarrow
21:53 Stone Mining
23:46 Husbandry
zbq127
0:29 Loom
9:13 Feudal Age
10:25 Double-Bit Axe
11:44 Horse Collar
17:57 Town Watch
20:55 Castle Age
19:02 Fletching
19:13 Padded Archer Armor
19:24 Gold Mining
21:01 Bloodlines
21:43 Bodkin Arrow
22:01 Bow Saw
22:11 Heavy Plow
23:59 Leather Archer Armor
Connection lost

Rejoining the realm…

Still unreachable

The connection could not be restored.

Session expired

The server has moved on; the page needs a fresh start.